 Dungeon Sprint DCSS version 0.24-a0-574-g7d3d5a4 (webtiles) character file.

Game seed: 4892086655434374353

22978 Faca the Warrior (level 13, -8/101 HPs)
             Began as a Gargoyle Fighter on Aug 20, 2019.
             Was the Champion of the Shining One.
             Killed from afar by a fire giant (24 damage)
             ... with a fireball
             ... in the Dungeon (Sprint IX: "|||||||||||||||||||||||||||||").
             The game lasted 00:11:52 (3173 turns).

Faca the Warrior (Gargoyle Fighter)                 Turns: 3173, Time: 00:11:53

Health: -8/101     AC: 43    Str: 28    XL:     13   Next: 3%
Magic:  13/13      EV: 11    Int: 11    God:    the Shining One [******]
Gold:   1169       SH: 15    Dex: 15    Spells: 12/12 levels left

rFire    . . .     SeeInvis +   p - +2 morningstar (protect)
rCold    . . .     Gourm    .   c - +0 shield
rNeg     + + +     Faith    .   a - +1 plate armour {MR+}
rPois    ∞         Spirit   .   w - +1 helmet
rElec    +         Reflect  .   x - +0 cloak
rCorr    .         Harm     .   B - +1 pair of gloves
MR       +....     NoTele   +   r - +0 pair of boots "Sopha" {Dex+3 SInv}
Stlth    ..........             (no amulet)
HPRegen  0.26/turn              t - +3 ring of dexterity
MPRegen  0.13/turn              z - +3 ring of evasion

@: mighty, protection aura, glowing
A: negative energy resistance 1, electricity resistance, unbreathing,
petrification resistance, rot immunity, AC +9
a: Divine Shield, Cleansing Flame, Summon Divine Warrior, Brand Weapon With Holy
Wrath, Renounce Religion


You were in the Dungeon.
You worshipped the Shining One.
The Shining One was exalted by your worship.
You were very hungry.

You visited 1 branch You collected 1939 gold pieces.
You spent 770 gold pieces at shops.

Inventory:

Hand Weapons
 p - a +2 morningstar of protection (weapon)
 s - a +3 demon whip of electrocution
Missiles
 y - 4 javelins (quivered)
Armour
 a - a +1 plate armour of magic resistance (worn)
 c - a +0 shield (worn)
 r - the +0 pair of boots "Sopha" (worn) {Dex+3 SInv}
   (You found it in the Dungeon)

   It affects your dexterity (+3).
   It lets you see invisible.
 w - a +1 helmet (worn)
 x - a +0 cloak (worn)
 B - a +1 pair of gloves (worn)
Jewellery
 t - a +3 ring of dexterity (left hand)
 z - a +3 ring of evasion (right hand)
 A - an uncursed ring of protection from cold
Wands
 g - a wand of disintegration (13)
 o - a wand of iceblast (10)
Scrolls
 k - 4 scrolls of blinking
 m - 7 scrolls of remove curse
 n - 2 scrolls of amnesia
 u - 6 scrolls of identify
 v - a scroll of fear
Potions
 b - 2 potions of resistance
 d - a potion of might
 e - 9 potions of curing
 h - a potion of haste
 i - 4 potions of magic
 j - a potion of berserk rage
 l - a potion of mutation
 q - 2 potions of agility
Comestibles
 f - 23 rations


   Skills:
 + Level 19.8 Fighting
 + Level 18.3 Maces & Flails
 + Level 15.1 Armour
 + Level 15.0 Shields


You had 12 spell levels left.
You didn't know any spells.
Your spell library was empty.

Dungeon Overview and Level Annotations

Branches:
Dungeon (1/1)

Altars:
Cheibriados
Dithmenos
Elyvilon
Fedhas
Gozag
Hepliaklqana
Kikubaaqudgha
Makhleb
Nemelex Xobeh
Okawaru
Qazlal
Ru
Sif Muna
Trog
Uskayaw
Vehumet
Wu Jian
Xom
Yredelemnul
Zin
The Shining One
Beogh
Jiyva
Lugonu

Shops:
D :%(


Innate Abilities, Weirdness & Mutations

You are resistant to torment.
Your stone body is resilient. (AC +9)
You are immune to poison.
You resist negative energy. (rN+)
You are resistant to electric shocks. (rElec)
You can survive without breathing.
You are immune to petrification.
You are immune to rotting.


Message History

You hit the orc knight but do no damage.
The orc knight is almost dead.
The ogre mage hits you but does no damage.
You sock the orc knight!
You kill the orc knight!
The ogre mage hits you but does no damage.
The crimson imp blinks!
An ettin comes into view. It is wielding two +0 dire flails.
The ettin shouts in stereo!
You hear two shouts!
Items here: )) [ †† a +0 dire flail; a +0 plate armour; a +2 great sword of flaming; an orc corpse a fire giant corpse You impale the fire giant!!
The fire giant is moderately wounded.
You impale the fire giant!!
The fire giant is heavily wounded.
The ogre mage hits you but does no damage.
The fire giant gestures at you while chanting.
The fireball explodes!
The fireball engulfs you!!
You die...

▓.▓.▓.▓.▓.▓.▓
▓.▓.▓'▓.▓)▓.▓.▓
▓.▓.▓.▓.▓)▓.▓.▓
▓.▓.▓)▓.▓∩▓.▓C▓
▓)▓.▓.▓.▓)▓.▓u▓
▓.▓.▓.▓.▓∩▓.▓c▓
▓.▓.▓.▓.▓.▓.▓O▓
▓[▓.▓.▓.▓∩▓.▓C▓
▓.▓.▓.▓.▓.▓.▓@▓
▓.▓.▓.▓.▓∩▓)▓)▓
▓)▓.▓.▓)▓.▓.▓)▓
▓|▓.▓†▓.▓.▓.▓)▓
▓.▓.▓†▓.▓)▓.▓†▓
▓!▓.▓.▓.▓.▓.▓(▓
▓'▓.▓'▓.▓)▓.▓.▓
▓_▓.▓.▓.▓'▓.▓.▓
▓_▓.▓.▓.▓.▓.▓.▓


You could see a fire giant, a red ugly thing, an ettin, a centaur warrior and an
ogre mage (invisible).

Vanquished Creatures
  Gastronok (D)
  2 fire giants (D)
  A hydra (D)
  A centaur warrior (D)
  7 orc high priests (D)
  Sonja (D)
  Urug (D)
  10 orc knights (D)
  An ugly thing (D)
  Maurice (D)
  4 spiny frogs (D)
  3 komodo dragons (D)
  A meliai (D)
  4 polar bears (D)
  A hippogriff (D)
  2 wyverns (D)
  A shadow (D)
  2 yaks (D)
  Grum (D)
  A basilisk (D)
  Eustachio (D)
  A hungry ghost (D)
  A porcupine (D)
  A sky beast (D)
  5 black bears (D)
  13 orc warriors (D)
  A centaur (D)
  3 wolves (D)
  2 crocodiles (D)
  3 bullfrogs (D)
  A killer bee (D)
  A howler monkey (D)
  A crimson imp (D)
  A hound (D)
  6 orc wizards (D)
  An adder zombie (D)
  A worm (D)
  6 orcs (D)
  A bat skeleton (D)
  A giant cockroach (D)
  A goblin (D)
  A jackal (D)
  2 kobolds (D)
  A rat (D)
102 creatures vanquished.

Notes
Turn   | Place    | Note
-------+----------+-------------------------------------------
     0 | D        | Faca the Gargoyle Fighter began the quest for the Orb.
     0 | D        | Reached XP level 1. HP: 14/14 MP: 1/1
    11 | D        | Reached skill level 4 in Fighting
    23 | D        | Noticed a howler monkey
    23 | D        | Noticed a crimson imp
    34 | D        | Killed a crimson imp
    34 | D        | Reached skill level 6 in Fighting
    34 | D        | Reached skill level 5 in Maces & Flails
    34 | D        | Reached XP level 2. HP: 22/22 MP: 2/2
    34 | D        | Reached XP level 3. HP: 27/27 MP: 3/3
    47 | D        | Reached skill level 7 in Fighting
    47 | D        | Reached XP level 4. HP: 18/34 MP: 4/4
   203 | D        | Found a roughly hewn altar of Beogh.
   203 | D        | Found a snail-covered altar of Cheibriados.
   203 | D        | Found a shadowy altar of Dithmenos.
   203 | D        | Found a white marble altar of Elyvilon.
   203 | D        | Found a blossoming altar of Fedhas.
   203 | D        | Found an opulent altar of Gozag.
   204 | D        | Found a hazy altar of Hepliaklqana.
   205 | D        | Found a viscous altar of Jiyva.
   206 | D        | Found an ancient bone altar of Kikubaaqudgha.
   207 | D        | Found a corrupted altar of Lugonu.
   208 | D        | Found a burning altar of Makhleb.
   209 | D        | Found a sparkling altar of Nemelex Xobeh.
   210 | D        | Found an iron altar of Okawaru.
   211 | D        | Found a stormy altar of Qazlal.
   212 | D        | Found a sacrificial altar of Ru.
   213 | D        | Found a shimmering blue altar of Sif Muna.
   214 | D        | Found a bloodstained altar of Trog.
   215 | D        | Found a hide-covered altar of Uskayaw.
   216 | D        | Found a radiant altar of Vehumet.
   217 | D        | Found an ornate altar of the Wu Jian Council.
   218 | D        | Found a shimmering altar of Xom.
   219 | D        | Found a basalt altar of Yredelemnul.
   220 | D        | Found a glowing silver altar of Zin.
   221 | D        | Found a glowing golden altar of the Shining One.
   230 | D        | Became a worshipper of the Shining One
   265 | D        | Noticed a black bear
   265 | D        | Noticed a bullfrog
   265 | D        | Reached * piety under the Shining One
   269 | D        | Reached skill level 8 in Fighting
   269 | D        | Reached XP level 5. HP: 39/39 MP: 5/5
   283 | D        | Reached skill level 9 in Fighting
   293 | D        | Reached skill level 10 in Fighting
   293 | D        | Reached XP level 6. HP: 40/48 MP: 6/6
   295 | D        | Killed a black bear
   347 | D        | Noticed a centaur warrior
   347 | D        | Noticed an orc warrior
   347 | D        | Reached ** piety under the Shining One
   347 | D        | Noticed a hungry ghost
   347 | D        | Noticed a red ugly thing
   353 | D        | Killed a red ugly thing
   353 | D        | Reached skill level 12 in Fighting
   353 | D        | Reached XP level 7. HP: 27/56 MP: 7/7
   372 | D        | Killed a hungry ghost
   372 | D        | Reached *** piety under the Shining One
   372 | D        | Reached skill level 13 in Fighting
   372 | D        | Reached XP level 8. HP: 63/63 MP: 8/8
   386 | D        | Killed a centaur warrior
   386 | D        | Reached skill level 14 in Fighting
   395 | D        | Reached XP level 9. HP: 59/70 MP: 9/9
   557 | D        | Noticed a spiny frog
   557 | D        | Noticed a spiny frog
   557 | D        | Reached **** piety under the Shining One
   562 | D        | Noticed a komodo dragon
   566 | D        | Killed a spiny frog
   566 | D        | Reached skill level 15 in Fighting
   571 | D        | Reached skill level 5 in Armour
   571 | D        | Reached skill level 5 in Shields
   578 | D        | Killed a spiny frog
   587 | D        | Killed a komodo dragon
   800 | D        | Noticed a four-headed hydra
   800 | D        | Noticed a spiny frog
   800 | D        | Reached ***** piety under the Shining One
   800 | D        | Noticed a komodo dragon
   805 | D        | Killed a komodo dragon
   805 | D        | Reached XP level 10. HP: 72/78 MP: 10/10
   812 | D        | Noticed a spiny frog
   813 | D        | Killed a four-headed hydra
   813 | D        | Reached skill level 16 in Fighting
   817 | D        | Killed a spiny frog
   817 | D        | Reached skill level 15 in Maces & Flails
   840 | D        | Killed a spiny frog
  1069 | D        | Reached skill level 10 in Armour
  1069 | D        | Reached skill level 10 in Shields
  1073 | D        | Reached XP level 11. HP: 57/84 MP: 11/11
  1227 | D        | Noticed Grum
  1227 | D        | Reached ****** piety under the Shining One
  1227 | D        | Noticed Gastronok
  1236 | D        | Killed Grum
  1236 | D        | Reached skill level 17 in Fighting
  1238 | D        | Noticed Eustachio
  1252 | D        | Killed Gastronok
  1260 | D        | Killed Eustachio
  1428 | D        | Noticed Urug
  1441 | D        | Killed Urug
  1593 | D        | Noticed an orc knight
  1593 | D        | Noticed an orc high priest
  1617 | D        | Killed an orc high priest
  1618 | D        | Noticed an orc knight
  1634 | D        | Killed an orc knight
  1634 | D        | Reached skill level 18 in Fighting
  1864 | D        | Killed an orc knight
  1926 | D        | Found Zily's Weapon Boutique.
  1926 | D        | Noticed an orc high priest
  1926 | D        | Noticed an orc knight
  1926 | D        | Noticed an orc knight
  1926 | D        | Noticed an orc high priest
  1926 | D        | Noticed an orc knight
  1942 | D        | Killed an orc knight
  1997 | D        | Killed an orc high priest
  1997 | D        | Reached XP level 12. HP: 93/93 MP: 12/12
  2035 | D        | Killed an orc high priest
  2085 | D        | Noticed an orc high priest
  2096 | D        | Killed an orc high priest
  2287 | D        | Noticed an orc high priest
  2289 | D        | Noticed an orc high priest
  2299 | D        | Killed an orc high priest
  2307 | D        | Found Ulev's Food Shop.
  2317 | D        | Killed an orc high priest
  2324 | D        | Found Wennid Zinwa's Food Boutique.
  2341 | D        | Found Ryiwod's Book Shop.
  2345 | D        | Noticed an orc high priest
  2356 | D        | Reached skill level 19 in Fighting
  2374 | D        | Killed an orc high priest
  2650 | D        | Bought a ration for 70 gold pieces
  2650 | D        | Bought a ration for 70 gold pieces
  2650 | D        | Bought a ration for 70 gold pieces
  2650 | D        | Bought a ration for 70 gold pieces
  2650 | D        | Bought a ration for 70 gold pieces
  2650 | D        | Bought a ration for 70 gold pieces
  2650 | D        | Bought a ration for 70 gold pieces
  2650 | D        | Bought a ration for 70 gold pieces
  2650 | D        | Bought a ration for 70 gold pieces
  2650 | D        | Bought a ration for 70 gold pieces
  2650 | D        | Bought a ration for 70 gold pieces
  2696 | D        | Noticed Sonja
  2724 | D        | Killed Sonja
  2954 | D        | Noticed Maurice
  2962 | D        | Killed Maurice
  3027 | D        | Found the +0 sword of Power
  3066 | D        | Got the +0 pair of boots "Sopha" {Dex+3 SInv}
  3120 | D        | Noticed an ogre mage
  3122 | D        | Noticed a fire giant
  3129 | D        | Noticed a centaur warrior
  3130 | D        | Noticed a fire giant
  3136 | D        | Noticed a fire giant
  3148 | D        | Killed a fire giant
  3162 | D        | Killed a fire giant
  3162 | D        | Reached skill level 15 in Armour
  3162 | D        | Reached skill level 15 in Shields
  3162 | D        | Reached XP level 13. HP: 28/101 MP: 13/13
  3171 | D        | Noticed an ettin
  3173 | D        | Killed from afar by a fire giant

Levels and vault maps discovered:
D:        linesprint [early_d, line_temple, items_1, d_10, items_2, lair_1,
          lair_end, items_3, orc_1, orc_end, items_4, d_15, swamp_1, shoals_1,
          snake_1, spider_1, d_20, vaults_1, items_5, swamp_end, shoals_end,
          snake_end, spider_end, vaults_end, d_27, items_6, zot_1, zot_end,
          crypt_end, forest_end, elf_end, slime_end, tomb_end, abyss_end,
          pan_hell_end]

Skill      XL: |  1  2  3  4  5  6  7  8  9 10 11 12 |
---------------+-------------------------------------+-----
Fighting       | 6 7 8 10 12 13 14 15 16 18 19 | 19.8
Maces & Flails | 5 6 9 11 12 13 14 15 16 18 | 18.3
Armour         | 7 10 12 15 | 15.1
Shields        | 7 10 12 15 | 15.0

Action                   |  1- 3 |  4- 6 |  7- 9 | 10-12 | 13-15 || total
-------------------------+-------+-------+-------+-------+-------++-------
Melee: Flail             |    36 |    36 |       |       |       ||    72
       Morningstar       |       |     6 |    76 |   397 |     9 ||   488
  Use: Potion            |       |       |     1 |     4 |     1 ||     6
       Scroll            |       |       |       |     2 |       ||     2
  Eat: Chunk             |       |       |     3 |     7 |       ||    10
Armor: Scale mail        |    14 |    26 |    13 |       |       ||    53
       Plate armour      |       |       |    11 |   132 |     5 ||   148
Dodge: Dodged            |     6 |    17 |    13 |    61 |       ||    97
Block: Shield            |    15 |    14 |    27 |   182 |     3 ||   241

Table legend:
 A = Non-vault XP
 B = Vault XP
 C = Vault XP percentage of total XP
 D = Non-vault monster count
 E = Vault monster count
 F = Vault count percentage of total count
                 A         B        C        D         E       F
            +---------+---------+-------+---------+---------+-------
      Total |       0 |   32826 | 100.0 |       0 |     102 | 100.0
            +---------+---------+-------+---------+---------+-------
          D |       0 |   32826 | 100.0 |       0 |     102 | 100.0
            +---------+---------+-------+---------+---------+-------
